 Dungeon Crawl Stone Soup version 0.31.0-9-g3a7656b989 (webtiles) character file.

Game seed: 16471493678282550957

9 Colgate the Poker (level 2, 15/24 HPs)
             Began as a Demonspawn Cinder Acolyte on Feb 2, 2024.
             Was a High Priest of Ignis.
             Quit the game on level 1 of the Dungeon.
             The game lasted 00:00:11 (170 turns).

Colgate the Poker (Demonspawn Cinder Acolyte)        Turns: 170, Time: 00:00:12

Health: 15/24      AC:  2    Str: 14    XL:     2   Next: 3%
Magic:  3/3        EV: 11    Int: 14    God:    Ignis [*****.]
Gold:   41         SH:  0    Dex: 10    Spells: 3/3 levels left

rFire   + . .        a - -1 spear (flame)
rCold   . . .        (no shield)
rNeg    . . .        b - +0 robe
rPois   .            (no helmet)
rElec   .            (no cloak)
rCorr   .            (no gloves)
SInv    .            (no boots)
Will    .....        (no amulet)
Stlth   ++           (no ring)
HPRegen 0.24/turn    (no ring)
MPRegen 0.08/turn

%: no passive effects
@: no status effects
A: thin skeletal structure 1
a: Renounce Religion, Fiery Armour, Foxfire Swarm, Rising Flame


You were on level 1 of the Dungeon.
You worshipped Ignis.
Ignis was extremely pleased with you.
You visited 1 branch of the dungeon, and saw 1 of its levels.

You collected 41 gold pieces.

Inventory:

Hand Weapons
 a - a -1 spear of flaming (weapon)
Armour
 b - a +0 robe (worn)
 f - a +1 helmet
Scrolls
 c - a scroll of brand weapon {unknown}
 d - a scroll of teleportation {unknown}
 g - a scroll of noise {unknown}
 h - a scroll of revelation {unknown}
Potions
 e - 2 potions of cancellation {unknown}


   Skills:
 - Level 3.0 Fighting
 + Level 3.2 Polearms
 - Level 1.0 Spellcasting
 - Level 2.6 Fire Magic


You had 3 spell levels left.
You didn't know any spells.
Your spell library contained the following spells:

 Spells                   Type           Power      Damage    Failure   Level
 Scorch                   Fire           16%        2d5       13%         2


Dungeon Overview and Level Annotations

Branches:
Dungeon (1/15)

Altars:


Innate Abilities, Weirdness & Mutations

You have a somewhat thin skeletal structure. (Dex +2, Stealth+)


Message History

No target in view!
A kobold comes into view. It is wielding a +0 dagger.
The kobold shouts!
You reach to attack!
You hit the kobold. You burn the kobold.
A kobold is nearby!
You miss the kobold. The kobold hits you with a +0 dagger.
A kobold is nearby!
You barely miss the kobold. The kobold hits you but does no damage.
A kobold is nearby!
You closely miss the kobold.
An endoplasm comes into view.
The kobold hits you with a +0 dagger.
There are monsters nearby!
You barely miss the kobold. The kobold barely misses you.
There are monsters nearby!
You hit the kobold. You burn the kobold.
You kill the kobold!
A kobold comes into view. It is wielding a +0 dagger.
There are monsters nearby!
The kobold shouts!
You hit the endoplasm. You burn the endoplasm. The endoplasm freezes you.
You are frozen.
There are monsters nearby!
You hit the endoplasm but do no damage. The endoplasm closely misses you.
There are monsters nearby!
You hit the endoplasm but do no damage. The endoplasm barely misses you.
There are monsters nearby!
You hit the endoplasm. You burn the endoplasm. The endoplasm freezes you.
You are frozen.
There are monsters nearby!
You hit the endoplasm. You burn the endoplasm.
You kill the endoplasm!
A quokka comes into view.
The kobold throws a stone.
The stone closely misses you.
You have reached level 2!
Your demonic ancestry asserts itself...
Your bones become slightly less dense.
Are you sure you want to abandon this character and quit the game? (Confirm with "yes".)

#..........#
##.#.....##.#
#..#..#...#.#
#.###.###.#.####
#.†..[#........#
).)#.....#.###.#
.###.###.#.# #.#
.%.#..#..#.###.####
......#.........@.#
.####...######.##)#
.# #.# #.# K#
######.# ... .r
.......# ##.# .##
######## #.# ..
....... #.# ..
######.. #.> ..
.......#


You could see a quokka (wandering) and a kobold.

Vanquished Creatures
  2 ball pythons (D:1)
  An endoplasm (D:1)
  2 frilled lizards (D:1)
  A goblin (D:1)
  3 kobolds (D:1)
  A rat (D:1)
10 creatures vanquished.

Notes
Turn   | Place    | Note
-------+----------+-------------------------------------------
     0 | D:1      | Colgate the Demonspawn Cinder Acolyte began the quest for
                  | the Orb.
     0 | D:1      | Reached XP level 1. HP: 18/18 MP: 2/2
   170 | D:1      | Gained mutation: You have a somewhat thin skeletal
                  | structure. (Dex +2, Stealth+) [demonic ancestry]
   170 | D:1      | Reached XP level 2. HP: 15/24 MP: 3/3
   170 | D:1      | Quit the game

Illustrated notes

Levels and vault maps discovered:
D:1:      ebering_hopf_link, layout_loops_ring, minmay_pentomino_t4

Skill      XL: |  1 |
---------------+----+-----
Polearms       | 3 |  3.2
Fighting       | |  3.0
Spellcasting   | |  1.0
Fire Magic     | |  2.6

Action                     || total
---------------------------++-------
  Melee: Spear             ||    34
 Armour: Robe              ||    13
  Dodge: Dodged            ||     9
